 Dungeon Crawl Stone Soup version 0.23-b1-6-ga921848 (webtiles) character file.

Game seed: 14445790170245624128

351 Kairos the Chopper (level 6, -4/32 HPs)
             Began as a Vine Stalker Fighter on Feb 2, 2019.
             Slain by an Executioner (15 damage)
             ... on level 1 of the Abyss.
             The game lasted 00:04:18 (2526 turns).

Kairos the Chopper (Vine Stalker Fighter)           Turns: 2526, Time: 00:04:19

Health: -4/32      AC:  7    Str: 22    XL:     6   Next: 61%
Magic:  0/7        EV:  8    Int:  8    God:
Gold:   80         SH: 10    Dex: 14    Spells: 5/5 levels left

rFire    . . .     SeeInvis .   a - +0 war axe
rCold    . . .     Gourm    .   c - +0 shield
rNeg     . . .     Faith    .   b - +1 scale mail
rPois    .         Spirit   +   (no helmet)
rElec    .         Reflect  .   (no cloak)
rCorr    .         Harm     .   (no gloves)
MR       .....                  (no boots)
Stlth    ..........             (no amulet)
HPRegen  0.50/turn              h - +2 ring of strength
MPRegen  0.10/turn              (no ring)

@: very slightly contaminated
A: fangs 2, regeneration 1, magic shield, antimagic bite, no potion heal 3, rot
immunity
a: no special abilities


You were on level 1 of the Abyss.
You were hungry.

You visited 1 branch of the dungeon, and saw 4 of its levels.
You visited the Abyss 1 time.

You collected 80 gold pieces.

Inventory:

Hand Weapons
 a - a +0 war axe (weapon)
 j - a +3 hand axe
Armour
 b - a +1 scale mail (worn)
 c - a +0 shield (worn)
Jewellery
 h - a +2 ring of strength (left hand)
Wands
 d - a wand of polymorph (6)
Scrolls
 g - 4 scrolls of magic mapping
 l - 2 scrolls of blinking
 n - a scroll of amnesia
Potions
 e - a potion of lignification
 i - a potion of haste {unknown}
 k - a potion of degeneration {unknown}
 m - 2 potions of might
 o - a potion of brilliance {unknown}
Comestibles
 f - 7 rations


   Skills:
 + Level 3.2 Fighting
 * Level 4.1 Axes
 + Level 3.3 Armour
 + Level 1.1 Dodging
 + Level 0.1 Stealth
 + Level 3.9 Shields


You had 5 spell levels left.
You didn't know any spells.
Your spell library was empty.

Dungeon Overview and Level Annotations

Branches:
Dungeon (4/15)
 Temple: D:4-7

Altars:

Annotations:
D:3 Crazy Yiuf


Innate Abilities, Weirdness & Mutations

You have extremely sharp teeth.
Your natural rate of healing is unusually fast.
When hurt, damage is shared between your health and your magic reserves.
Your bite disrupts and absorbs the magic of your enemies.
Potions cannot restore your health.
You are immune to rotting.


Message History

The thrashing horror roars!
The thrashing horror closely misses you.
You block the thrashing horror's attack.
You block the thrashing horror's attack.
The thrashing horror tramples you but does no damage.
You block the thrashing horror's attack.
The thrashing horror tramples you but does no damage.
Found 29 gold pieces.
The thrashing horror roars!
The thrashing horror tramples you.
You stumble backwards!
The thrashing horror tramples you!
You stumble backwards!
Blink to where?
Press: ? - help, Dir - move target cursor You are very lightly contaminated with residual magic.
As you read the scroll of blinking, it crumbles to dust.
An Executioner comes into view.
The Executioner gives a hideous shriek!
The Executioner barely misses you. You block the Executioner's attack.
The Executioner hits you. The Executioner hits you!
You die...

.. .#.# ....##
...... ......#
....... ####### ###
#.....1#######.....
#...
#.@.X..#...........
#.###...........#.$
#. #..............
## #.#...... .....
#..#.##..#.#.# .##
####....# # #...
.#... #....## .
#....#


You could see an Executioner and a thrashing horror.

Vanquished Creatures
  An orc priest (D:3)
  Terence (D:2)
  Natasha (thrice) (D:2)
  An orc wizard (D:3)
  Robin (D:2)
  6 adders
  3 gnolls (D:3)
  An ooze (D:2)
  3 worms (D:3)
  A dart slug (D:1)
  3 leopard geckos
  7 orcs
  6 giant cockroaches
  12 goblins
  12 hobgoblins
  A quokka (D:2)
  A ball python (D:1)
  11 bats
  4 frilled lizards
  5 kobolds
  4 rats
87 creatures vanquished.

Notes
Turn   | Place    | Note
-------+----------+-------------------------------------------
     0 | D:1      | Kairos the Vine Stalker Fighter began the quest for the
                  | Orb.
     0 | D:1      | Reached XP level 1. HP: 11/11 MP: 2/2
     6 | D:1      | Noticed a water moccasin
     6 | D:1      | Noticed a wolf
     7 | D:1      | Noticed a killer bee
     7 | D:1      | Noticed a polar bear
   141 | D:1      | Reached XP level 2. HP: 16/16 MP: 3/3
   592 | D:1      | Reached skill level 2 in Axes
   728 | D:2      | Noticed Natasha
   731 | D:2      | Noticed a crimson imp
   742 | D:2      | Killed Natasha
   742 | D:2      | Reached XP level 3. HP: 4/20 MP: 2/4
  1084 | D:2      | Noticed Natasha
  1107 | D:2      | Gained mutation: Your natural rate of healing is unusually
                  | fast. [Vine Stalker growth]
  1107 | D:2      | Reached XP level 4. HP: 15/24 MP: 5/5
  1107 | D:2      | Noticed Robin
  1108 | D:2      | Noticed Terence
  1114 | D:2      | Killed Natasha
  1118 | D:2      | Killed Terence
  1121 | D:2      | Killed Robin
  1121 | D:2      | Reached XP level 5. HP: 6/28 MP: 2/6
  1124 | D:2      | Noticed Natasha
  1132 | D:2      | Killed Natasha
  1132 | D:2      | Reached skill level 3 in Axes
  1284 | D:2      | You fall through a shaft for 2 floors!
  1427 | D:2      | Reached skill level 1 in Dodging
  1767 | D:3      | Reached XP level 6. HP: 32/32 MP: 7/7
  2100 | D:3      | Reached skill level 4 in Axes
  2489 | D:3      | Found a runed translucent door.
  2490 | D:3      | Noticed Crazy Yiuf
  2494 | D:3      | Cast into level 1 of the Abyss (Crazy Yiuf)
  2507 | Abyss:1  | Noticed a thrashing horror
  2524 | Abyss:1  | Noticed an Executioner
  2526 | Abyss:1  | Slain by an Executioner

Skill      XL: |  1  2  3  4  5  6 |
---------------+-------------------+-----
Shields        | 3 |  3.9
Axes           | 2 3 4 |  4.1
Fighting       | 3 |  3.2
Armour         | 3 |  3.3
Dodging        | 1 |  1.1
Stealth        | |  0.1

Action                   |  1- 3 |  4- 6 || total
-------------------------+-------+-------++-------
Melee: War axe           |    69 |   162 ||   231
       Bite              |    23 |    47 ||    70
  Use: Potion            |     1 |     1 ||     2
       Scroll            |       |     7 ||     7
  Eat: Chunk             |       |     5 ||     5
Armor: Scale mail        |    39 |    75 ||   114
Dodge: Dodged            |    23 |    65 ||    88
Block: Shield            |    42 |   112 ||   154
